 Dungeon Crawl Stone Soup version 0.31.0-11-ge490571c62 (webtiles) character file.

Game seed: 9428517845313480249

188 qw the Skirmisher (level 5, -3/29 HPs)
             Began as a Deep Elf Hunter on Feb 4, 2024.
             Slain by a ribbon worm (7 damage)
             ... on level 3 of the Dungeon.
             The game lasted 00:00:09 (2174 turns).

qw the Skirmisher (Deep Elf Hunter)                 Turns: 2174, Time: 00:00:10

Health: -3/29      AC:  5    Str: 10    XL:     5   Next: 39%
Magic:  7/7        EV:  6    Int: 14    God:
Gold:   133        SH:  0    Dex: 18    Spells: 4/4 levels left

rFire   . . .        a - +1 shortbow
rCold   . . .        (shield currently unavailable)
rNeg    . . .        f - +0 ring mail
rPois   .            (no helmet)
rElec   .            (no cloak)
rCorr   .            (no gloves)
SInv    .            (no boots)
Will    .....        (no amulet)
Stlth   +            (no ring)
HPRegen 0.24/turn    (no ring)
MPRegen 0.10/turn

%: no passive effects
@: held
A: no striking features
a: no special abilities


You were on level 3 of the Dungeon.
You visited 1 branch of the dungeon, and saw 3 of its levels.

You collected 133 gold pieces.


   Skills:
 - Level 1.5 Fighting
 + Level 8.9 Ranged Weapons
 - Level 2.4 Dodging
 - Level 1.2 Stealth


You had 4 spell levels left.
You didn't know any spells.
Your spell library was empty.

Inventory:

Hand Weapons
 a - a +1 shortbow (weapon)
Armour
 f - a +0 ring mail (worn)
Potions
 b - a potion of enlightenment
 e - 2 potions of curing
 g - a potion of mutation {unknown}
 h - a potion of haste {unknown}
 k - a potion of ambrosia {unknown}
 n - a potion of heal wounds {unknown}

Dungeon Overview and Level Annotations

Branches:
Dungeon (3/15)

Altars:
Fedhas
Qazlal


Message History

Enter note:
Enter note:
Enter note:
Enter note:
Enter note: You struggle to detach yourself from the web.
The ribbon worm barely misses you. The ribbon worm bites you.
The ribbon worm expels a string of sticky webbing.
The stream of webbing hits you but does no damage.
You are even more entangled.
The ribbon worm bites you.
The ribbon worm expels a string of sticky webbing.
The stream of webbing hits you but does no damage.
You are even more entangled.
The ribbon worm bites you but does no damage.
The ribbon worm bites you but does no damage.
The ribbon worm bites you. The ribbon worm completely misses you.
The web tears apart.
The ribbon worm barely misses you.
You shoot an arrow. The arrow hits the ribbon worm!
The ribbon worm is heavily wounded.
The ribbon worm expels a string of sticky webbing.
The stream of webbing hits you but does no damage.
You are caught in a web!
The ribbon worm barely misses you. The ribbon worm bites you.
The ribbon worm bites you but does no damage.
The ribbon worm bites you.
The ribbon worm expels a string of sticky webbing.
The stream of webbing misses you. The ribbon worm bites you.
The ribbon worm completely misses you.
The ribbon worm expels a string of sticky webbing.
The stream of webbing hits you but does no damage.
You are even more entangled.
You struggle to detach yourself from the web.
The ribbon worm bites you!
You die...

#..).....#
#.........
+........#
######+#+#
#........#
#..
#.<......###
###
...........#
...........#
...........#
...........#
..........@#
.........%w#
............
+##..####...
#.. +.... #.
#.....
#.....#
#.....#


You could see a ribbon worm (catching breath).

Vanquished Creatures
  A hound (D:3)
  7 adders
  4 dart slugs
  2 ribbon worms (D:2)
  11 ball pythons
  10 bats
  4 endoplasms
  5 giant cockroaches
  5 goblins
  10 hobgoblins
  4 jackals (D:3)
  6 kobolds
  2 quokkas (D:1)
  4 frilled lizards
  6 rats
81 creatures vanquished.

Notes
Turn   | Place    | Note
-------+----------+-------------------------------------------
     0 | D:1      | qw the Deep Elf Hunter began the quest for the Orb.
     0 | D:1      | Reached XP level 1. HP: 12/12 MP: 3/3
     0 | D:1      | 0 ||| qw: Version: 0.3-a-160-g6735b56
     0 | D:1      | 0 ||| qw: Game counter: 5287
     0 | D:1      | 0 ||| qw: Melee chars always use a shield: true
     0 | D:1      | 0 ||| qw: God list: Okawaru
     0 | D:1      | 0 ||| qw: Allow faded altars: false
     0 | D:1      | 0 ||| qw: Do Orc after clearing Dungeon:15 true
     0 | D:1      | 0 ||| qw: Do second Lair branch before Depths: true
     0 | D:1      | 0 ||| qw: Lair rune preference: random
     0 | D:1      | 0 ||| qw: Goals: Normal
     0 | D:1      | 0 ||| PLANNING D:1-11
   141 | D:1      | Reached XP level 2. HP: 16/16 MP: 4/4
   144 | D:1      | Reached skill level 6 in Ranged Weapons
   403 | D:1      | Reached XP level 3. HP: 20/20 MP: 5/5
   403 | D:1      | Found a faded altar of an unknown god.
   781 | D:1      | 781 ||| UPGRADING to +0 ring mail.
   791 | D:1      | 791 ||| DROPPING +0 leather armour.
   792 | D:1      | 792 ||| READING scroll labelled EFUTIL CILI.
   795 | D:1      | 795 ||| DRINKING 2 amethyst potions.
   796 | D:1      | 796 ||| DROPPING scroll of butterflies.
   857 | D:2      | Reached skill level 7 in Ranged Weapons
   994 | D:2      | Reached XP level 4. HP: 25/25 MP: 6/6
  1170 | D:2      | Reached skill level 8 in Ranged Weapons
  1646 | D:2      | 1646 ||| DROPPING +6 ring of intelligence.
  1647 | D:2      | 1647 ||| READING scroll labelled CIDIERGH AFOCIMINA.
  1648 | D:2      | 1648 ||| READING scroll labelled APPEC OPUMON.
  1649 | D:2      | 1649 ||| READING scroll labelled TOXTIG QEUTH.
  1650 | D:2      | 1650 ||| READING scroll labelled HUWYRH OPLO.
  1650 | D:2      | 1650 ||| IDENTIFYING dark potion
  1651 | D:2      | 1651 ||| READING scroll labelled XECAP BINENANNU.
  1752 | D:2      | 1752 ||| READING scroll labelled HEISIGUUMI.
  1752 | D:2      | 1752 ||| ENCHANTING +0 shortbow.
  1848 | D:3      | Reached XP level 5. HP: 28/29 MP: 7/7
  1919 | D:3      | Found a stormy altar of Qazlal.
  1921 | D:3      | Found a blossoming altar of Fedhas.
  2168 | D:3      | HP: 4/29 [ribbon worm (6)]
  2174 | D:3      | Slain by a ribbon worm

Levels and vault maps discovered:
D:1:      amcnicky_arrival_abandoned_market, layout_basic,
          ebering_ecumenical_altar_sacrificial
D:2:      minmay_wonky_spiral, layout_basic
D:3:      layout_basic, grunt_temple_overflow_forces_of_nature,
          kiku_gazebo_pond_becter, kennysheep_generic_room_8

Skill      XL: |  1  2  3  4 |
---------------+-------------+-----
Ranged Weapons | 6 7 8 |  8.9
Fighting       | |  1.5
Dodging        | |  2.4
Stealth        | |  1.2

Action                     |  1- 3 |  4- 6 || total
---------------------------+-------+-------++-------
   Fire: Shortbow          |   120 |   146 ||   266
    Use: Scroll            |     1 |     6 ||     7
         Potion            |     1 |       ||     1
 Armour: Leather armour    |    19 |       ||    19
         Ring mail         |     5 |    55 ||    60
  Dodge: Dodged            |    28 |    66 ||    94

Table legend:
 A = Non-vault XP
 B = Vault XP
 C = Vault XP percentage of total XP
 D = Non-vault monster count
 E = Vault monster count
 F = Vault count percentage of total count
                 A         B        C        D         E       F
            +---------+---------+-------+---------+---------+-------
      Total |     249 |      20 |   7.4 |      76 |       5 |   6.2
            +---------+---------+-------+---------+---------+-------
        D:1 |      56 |       0 |   0.0 |      33 |       0 |   0.0
        D:2 |     108 |      18 |  14.3 |      24 |       3 |  11.1
        D:3 |      85 |       2 |   2.3 |      19 |       2 |   9.5
            +---------+---------+-------+---------+---------+-------
